 Dungeon Crawl Stone Soup version 0.31.0-4-g52a2dc7128 (webtiles) character file.

Game seed: 14400873413748196065

757 tevo3000 the Ducker (level 8, 0/50 HPs)
             Began as a Djinni Fire Elementalist on Jan 22, 2024.
             Was an Initiate of Gozag.
             Slain by an unseen horror (2 damage)
             ... on level 5 of the Dungeon on Jan 23, 2024.
             The game lasted 00:23:27 (5234 turns).

tevo3000 the Ducker (Djinni Fire Elementalist)      Turns: 5234, Time: 00:23:30

Health: 0/50       AC:  2    Str:  7    XL:     8   Next: 7%
Gold:   372        EV: 14    Int: 20    God:    Gozag SH:  0 Dex: 13

rFire   + + .        c - +2 dagger (vamp)
rCold   x . .        (no shield)
rNeg    . . .        a - +0 robe
rPois   ∞            (no helmet)
rElec   .            (no cloak)
rCorr   .            (no gloves)
SInv    .            (boots unavailable)
Will    .....        (no amulet)
Stlth   ++           (no ring)
HPRegen 0.28/turn    (no ring)
MPRegen 0.00/turn

%: infuse magic (-1 HP)
@: on blink cooldown, flying, very slightly contaminated
A: sickness immunity, fire resistance 2, cold vulnerability 1, float, innate
caster, HP casting, extra vitality 1
a: Renounce Religion, Potion Petition, Call Merchant, Bribe Branch


You were on level 5 of the Dungeon.
You worshipped Gozag.
Gozag was aware of your devotion.
You visited 2 branches of the dungeon, and saw 6 of its levels.

You collected 449 gold pieces.
You paid 77 gold pieces to Gozag.

Inventory:

Hand Weapons
 c - a +2 vampiric dagger (weapon)
 p - a +2 dagger of speed
Missiles
 m - 3 curare-tipped darts (quivered)
Armour
 a - a +0 robe (worn)
Talismans
 q - a flux talisman
Wands
 s - a wand of charming (14)
 v - a wand of quicksilver (6)
Scrolls
 b - 3 scrolls of teleportation {unknown}
 d - 2 scrolls of revelation {unknown}
 g - 2 scrolls of amnesia {unknown}
 h - 3 scrolls of identify {unknown}
 j - a scroll of fear {unknown}
 l - 2 scrolls of torment {unknown}
 o - a scroll of brand weapon {unknown}
 r - a scroll of vulnerability {unknown}
 t - a scroll of enchant armour {unknown}
 u - a scroll of fog {unknown}
 w - a scroll of silence {unknown}
Potions
 f - a potion of brilliance {unknown}
 i - a potion of magic {unknown}
 k - 2 potions of invisibility {unknown}
 n - 2 potions of attraction {unknown}


   Skills:
 * Level 6.3 Dodging
 + Level 3.7 Stealth
 * Level 5.0 Spellcasting
 * Level 5.0 Conjurations
 * Level 5.0 Hexes
   Level 0.0 Charms
 * Level 5.0 Summonings
 * Level 5.0 Necromancy
 * Level 5.0 Translocations
   Level 0.0 Transmutations
 * Level 5.0 Fire Magic
 * Level 5.0 Ice Magic
 * Level 5.0 Air Magic
 * Level 5.0 Earth Magic
 * Level 5.0 Alchemy


You knew the following spells:

 Your Spells              Type           Power      Damage    Failure   Level
a - Foxfire               Conj/Fire      100%       2x1d9     1%          1
b - Scorch                Fire           50%        2d7       2%          2
c - Volatile Blastmotes   Fire/Tloc      50%        2d14      4%          3
d - Inner Flame           Hex/Fire       25%        N/A       4%          3
e - Flame Wave            Conj/Fire      25%        2d8       14%         4
f - Kiss of Death         Conj/Necr      100%       2d13      1%          1
g - Blink                 Tloc           50%        N/A       2%          2
h - Tukima's Dance        Hex            25%        N/A       4%          3
Your spell library was empty.

Dungeon Overview and Level Annotations

Branches:
Dungeon (5/15)             Temple (1/1) D:4

Altars:
Ashenzari
Cheibriados
Dithmenos
Elyvilon
Fedhas
Gozag
Hepliaklqana
Makhleb
Nemelex Xobeh
Okawaru
Qazlal
Ru
Trog
Uskayaw
Yredelemnul
The Shining One


Innate Abilities, Weirdness & Mutations

You are immune to sickness and miasma.
You are immune to poison.
Your flesh is very heat resistant. (rF++)
You are vulnerable to cold. (rC-)
You float through the air rather than walking.
You learn spells naturally, not from books.
Your magical power is your life essence.
You have superior vitality. (+4 MHP)


Message History

Casting: Scorch (safe; 2% risk of failure)
Confirm with . or Enter, or press ? or * to list all spells.
You can't see any susceptible monsters within range! (Use Z to cast anyway.)
Casting: Scorch (safe; 2% risk of failure)
Confirm with . or Enter, or press ? or * to list all spells.
You don't know that spell.
Unknown command.
Casting: Scorch (safe; 2% risk of failure)
Confirm with . or Enter, or press ? or * to list all spells.
A cloud of volatile blastmotes flares up around you!
Run!
Something hits you but does no damage.
The cloud of blastmotes explodes!
The concussive blast engulfs something!
The concussive blast engulfs you! You resist.
Casting: Volatile Blastmotes (dangerous; 4% risk of failure)
Confirm with . or Enter, or press ? or * to list all spells.
You miscast Volatile Blastmotes.
You are very lightly contaminated with residual magic.
Nothing appears to happen.
Something hits you! Something hits you! Something hits you.
* * * LOW HITPOINT WARNING * * *
It was a potion of curing.
You feel better. Something hits you. Something hits you!
* * * LOW HITPOINT WARNING * * *
Casting: Volatile Blastmotes (dangerous; 4% risk of failure)
Confirm with . or Enter, or press ? or * to list all spells.
You blink.
* * * LOW HITPOINT WARNING * * *
Something hits you.
* * * LOW HITPOINT WARNING * * *
You feel better. Something hits you!
* * * LOW HITPOINT WARNING * * *
Casting: Blink (safe; 2% risk of failure)
Confirm with . or Enter, or press ? or * to list all spells.
You conjure some foxfire!
* * * LOW HITPOINT WARNING * * *
The foxfire hits something but does no damage.
Something hits you.
You die...
Your body crumbles into a pile of gold.

#......#
#)..............
#......#
####...###.#.###
######## #...#####.#..
#...#.....#.#
#.#.#.#####.#
#.#.#.#...>.# #######
#.#.#.#.....#
......v#####.#.#.#......
#.@{.##.#.#........
#.###....#.........#
##....##.#####......
#.###...## #...... ..#.#
#...... ##...# #......
....# #####'#
#.#.##########.#
.............#.#


There were no monsters in sight!

Vanquished Creatures
  An ice beast (D:5)
  2 scorpions (D:4)
  A howler monkey (D:4)
  A bombardier beetle (D:5)
  3 jellies
  3 hounds
  2 sleepcaps
  2 iguanas (D:5)
  3 orc wizards (D:4)
  4 adders
  A shadow imp (D:5)
  A white imp (D:5)
  A ribbon worm (D:2)
  2 orcs (D:4)
  5 bats
  7 endoplasms
  3 giant cockroaches
  8 goblins
  6 hobgoblins
  3 jackals (D:3)
  3 quokkas
  5 ball pythons
  2 frilled lizards (D:2)
  13 kobolds
  5 rats
87 creatures vanquished.

Vanquished Creatures (others)
  321 foxfires
321 creatures vanquished.

Grand Total: 408 creatures vanquished

Notes
Turn   | Place    | Note
-------+----------+-------------------------------------------
     0 | D:1      | tevo3000 the Djinni Fire Elementalist began the quest for
                  | the Orb.
     0 | D:1      | tevo3000 set off with the following spells memorised:
                  | Foxfire, Scorch, Volatile Blastmotes, Inner Flame, Flame
                  | Wave.
     0 | D:1      | Reached XP level 1. HP: 15/15 MP: 0/0
   136 | D:1      | Reached XP level 2. HP: 16/21 MP: 0/0
   874 | D:2      | Reached XP level 3. HP: 18/25 MP: 0/0
   874 | D:2      | Learned a level 1 spell: Kiss of Death
   962 | D:2      | Reached skill level 3 in Dodging
  1528 | D:3      | Reached XP level 4. HP: 29/31 MP: 0/0
  2290 | D:4      | Noticed a scorpion
  2296 | D:4      | Killed a scorpion
  2297 | D:4      | Reached skill level 4 in Dodging
  2297 | D:4      | Reached XP level 5. HP: 18/35 MP: 0/0
  2297 | D:4      | Learned a level 2 spell: Blink
  2501 | D:4      | Found a glowing golden altar of the Shining One.
  2501 | D:4      | Found a hide-covered altar of Uskayaw.
  2570 | D:4      | Reached XP level 6. HP: 39/40 MP: 0/0
  2631 | D:4      | Found a staircase to the Ecumenical Temple.
  2638 | Temple   | Entered the Ecumenical Temple
  3152 | Temple   | Became a worshipper of Gozag Ym Sagoz the Greedy
  3414 | D:4      | Reached skill level 5 in Dodging
  3465 | D:4      | Reached XP level 7. HP: 41/45 MP: 0/0
  3465 | D:4      | Learned a level 3 spell: Tukima's Dance
  3634 | D:4      | Found a bloodstained altar of Trog.
  4211 | D:5      | Entered Level 5 of the Dungeon
  5005 | D:5      | Reached skill level 6 in Dodging
  5182 | D:5      | Reached skill level 5 in Spellcasting
  5182 | D:5      | Reached skill level 5 in Conjurations
  5182 | D:5      | Reached skill level 5 in Hexes
  5182 | D:5      | Reached skill level 5 in Summonings
  5182 | D:5      | Reached skill level 5 in Necromancy
  5182 | D:5      | Reached skill level 5 in Translocations
  5182 | D:5      | Reached skill level 5 in Fire Magic
  5182 | D:5      | Reached skill level 5 in Ice Magic
  5182 | D:5      | Reached skill level 5 in Air Magic
  5182 | D:5      | Reached skill level 5 in Earth Magic
  5182 | D:5      | Reached skill level 5 in Alchemy
  5182 | D:5      | Reached XP level 8. HP: 42/50 MP: 0/0
  5231 | D:5      | HP: 2/50 [something (6)]
  5234 | D:5      | Slain by an unseen horror

Illustrated notes

Levels and vault maps discovered:
D:1:      ncdulo_halloftheorcs, layout_loops_ring
D:2:      layout_basic
D:3:      layout_basic
D:4:      layout_layer_cave, bloody_trog, gammafunk_temple_overflow_elements,
          minmay_temple_entry_arrows, serial_park_tiny_2, minmay_close_crescents
D:5:      layout_basic, minmay_manual_maat
Temple:   bh_familiar_temple

Skill      XL: |  1  2  3  4  5  6  7 |
---------------+----------------------+-----
Stealth        | 2 3 |  3.7
Dodging        | 3 4 5 6 |  6.3
Spellcasting   | 4 5 |  5.0
Conjurations   | 4 5 |  5.0
Hexes          | 4 5 |  5.0
Summonings     | 4 5 |  5.0
Necromancy     | 4 5 |  5.0
Translocations | 4 5 |  5.0
Fire Magic     | 4 5 |  5.0
Ice Magic      | 4 5 |  5.0
Air Magic      | 4 5 |  5.0
Earth Magic    | 4 5 |  5.0
Alchemy        | 4 5 |  5.0

Action                     |  1- 3 |  4- 6 |  7- 9 || total
---------------------------+-------+-------+-------++-------
   Cast: Foxfire           |    83 |    82 |    47 ||   212
         Scorch            |     4 |    15 |    17 ||    36
         Blink             |       |     2 |     1 ||     3
         Tukima's Dance    |       |       |     1 ||     1
         Volatile Blastmot |       |       |     1 ||     1
    Use: Potion            |       |       |     2 ||     2
 Armour: Robe              |     5 |     5 |    15 ||    25
  Dodge: Dodged            |    17 |     1 |       ||    18
